 Dungeon Crawl Stone Soup version 0.27-a0-1334-g2746e35aca (webtiles) character file.

Game seed: 2024831231184337611

28 Gargoyl the Skirmisher (level 3, -8/35 HPs)
             Began as a Gnoll Abyssal Knight on June 26, 2021.
             Was a Follower of Lugonu.
             Killed from afar by a raiju (26 damage)
             ... with a living lightning
             ... on level 2 of the Abyss.
             The game lasted 00:00:21 (101 turns).

Gargoyl the Skirmisher (Gnoll Abyssal Knight)        Turns: 101, Time: 00:00:21

Health: -8/35      AC:  3    Str: 12    XL:     3   Next: 12%
Magic:  6/6        EV: 12    Int: 11    God:    Lugonu [*.....]
Gold:   0          SH:  0    Dex: 11    Spells: 3/3 levels left

rFire    . . .     SeeInvis .   a - +1 hand axe
rCold    . . .     Faith    .   (no shield)
rNeg     . . .     Spirit   .   b - +0 leather armour
rPois    .         Reflect  .   (no helmet)
rElec    .         Harm     .   (no cloak)
rCorr    .         Rampage  .   (no gloves)
Will     .....                  (no boots)
Stlth    +.........             (no amulet)
HPRegen  0.11/turn              (no ring)
MPRegen  0.10/turn              (no ring)

@: no status effects
A: fangs 1, strong nose, distributed training
a: Renounce Religion, Depart the Abyss


You were on level 2 of the Abyss.
You worshipped Lugonu.
Lugonu was aware of your devotion.
You visited 0 branches of the dungeon, and saw 0 of its levels.
You visited the Abyss 1 time.

Inventory:

Hand Weapons
 a - a +1 hand axe (weapon)
Armour
 b - a +0 leather armour (worn)
Miscellaneous
 c - a condenser vane (inert)


   Skills:
 + Level 6.5 Fighting
 + Level 0.6 Short Blades
 + Level 0.6 Long Blades
 + Level 4.5 Axes
 + Level 0.6 Maces & Flails
 + Level 0.6 Polearms
 + Level 0.6 Staves
 + Level 0.6 Slings
 + Level 0.6 Bows
 + Level 0.6 Crossbows
 + Level 0.6 Throwing
 + Level 4.5 Armour
 + Level 2.5 Dodging
 + Level 0.6 Stealth
 + Level 0.6 Shields
 + Level 0.6 Unarmed Combat
 + Level 0.6 Spellcasting
 + Level 0.4 Conjurations
 + Level 0.4 Hexes
 + Level 0.4 Summonings
 + Level 0.4 Necromancy
 + Level 0.4 Translocations
 + Level 0.4 Transmutations
 + Level 0.4 Fire Magic
 + Level 0.4 Ice Magic
 + Level 0.4 Air Magic
 + Level 0.4 Earth Magic
 + Level 0.4 Poison Magic
 + Level 4.5 Invocations
 + Level 0.6 Evocations


You had 3 spell levels left.
You didn't know any spells.
Your spell library was empty.

Dungeon Overview and Level Annotations

Branches:
Dungeon (0/15)

Altars:


Innate Abilities, Weirdness & Mutations

You have very sharp teeth.
Your uncanny sense of smell can sniff out nearby items.
Your experience applies equally to all skills.


Message History

Found a condenser vane and 24 gold pieces.
A raiju comes into view.
The raiju barks!
A redback comes into view.
A jelly comes into view.
Found 35 gold pieces.
The jelly quivers.
You see here a condenser vane.
c - a condenser vane An ufetubus comes into view.
What are your orders? t - Bark!
Orders for allies: a - Attack new target. r - Retreat! s - Stop attacking. g - Guard the area. f - Follow me.
Anything else - Cancel.
Okay, then.
Clouds of freezing vapour condense around you!
The condenser dries out!
The orange demon is engulfed in freezing vapours.
The jelly is engulfed in freezing vapours.
You kill the jelly!
You have reached level 2!
You have reached level 3!
Your experience leads to an increase in your attributes!
Increase (S)trength, (I)ntelligence, or (D)exterity?
You feel stronger.
Unknown command.
The substance of the Abyss twists violently, and a gateway leading out appears!
The ufetubus is engulfed in freezing vapours.
A snapping turtle comes into view.
The orange demon is engulfed in freezing vapours.
The raiju bites you. The raiju shocks you!
Unknown command.
The snapping turtle hisses angrily.
The orange demon is engulfed in freezing vapours.
The orange demon stings you from afar.
The raiju bursts into living lightning!
The living lightning hits you!!
Ouch! That really hurt!
You die...

###
∆.≈$
#t# ∆
##.##
.≈.
#.# ∆
##h##
∆ ∆
#@8.#
∆ ∆
∆##§##
#4# §§
∆##§##
#§#
$§§∆
### ∆


You could see a snapping turtle, an orange demon and a raiju.

Vanquished Creatures
  A jelly (Abyss:2)
1 creature vanquished.

Notes
Turn   | Place    | Note
-------+----------+-------------------------------------------
     0 | Abyss:1  | Gargoyl the Gnoll Abyssal Knight began the quest for the
                  | Orb.
     0 | Abyss:1  | Reached XP level 1. HP: 23/23 MP: 3/3
    94 | Abyss:2  | Noticed an orange demon
    95 | Abyss:2  | Noticed a raiju
    95 | Abyss:2  | Noticed a redback
    95 | Abyss:2  | Noticed a jelly
    98 | Abyss:2  | Killed a jelly
    99 | Abyss:2  | Reached XP level 2. HP: 29/29 MP: 5/5
    99 | Abyss:2  | Reached XP level 3. HP: 35/35 MP: 6/6
    99 | Abyss:2  | Noticed a snapping turtle
   101 | Abyss:2  | Killed from afar by a raiju

Illustrated notes

Levels and vault maps discovered:
Abyss:2:  base: Temple, hangedman_cross_veins, minivault_22,
          hangedman_decor_peaks_small

Action                   || total
-------------------------++-------
Evoke: Condenser vane    ||     1

Table legend: (Time is in decaauts)
 A = Elapsed time spent in this place.
 B = Non-inter-level travel time spent in this place.
 C = Inter-level travel time spent in this place.
 D = Time resting spent in this place.
 E = Time spent auto-exploring this place.
 F = Levels seen in this place.
 G = Mean time per level.
                   A        B        C        D        E       F      G
               +--------+--------+--------+--------+--------+-----+--------+
         Total |    100 |    100 |      0 |      0 |     90 |   2 |   50.0 |
         Abyss |    100 |    100 |      0 |      0 |     90 |   2 |   50.0 |
               +--------+--------+--------+--------+--------+-----+--------+

Top non-repeatable levels by time:
 Abyss:1: 94 daAuts
 Abyss:2: 6 daAuts
